 Dungeon Crawl Stone Soup version 0.18-a0-1361-g9293dd1 (webtiles) character file.

21507 Minkie the Cleaver (level 12, -14/105 (106) HPs)
             Began as a Minotaur Berserker on Feb 20, 2016.
             Was a High Priest of Trog.
             Demolished by an ettin
             ... wielding a +0 dire flail
              (22 damage)
             ... on level 1 of the Orcish Mines.
             The game lasted 00:56:57 (13282 turns).

Minkie the Cleaver (Minotaur Berserker)            Turns: 13282, Time: 00:56:59

HP:   -14/105 (106) AC: 22    Str: 22    XL:     12   Next: 54%
MP:   15/15         EV: 12    Int:  4    God:    Trog [*****.]
Gold: 1804          SH:  0    Dex: 15    Spells: 0 memorised, 11 levels left

rFire  . . .     SeeInvis .     a - +2 executioner's axe (chop)
rCold  . . .     Gourm    .     i - +2 plate armour {rPois}
rNeg   . . .     Faith    .     (shield currently unavailable)
rPois  +         Spirit   .     (helmet unavailable)
rElec  .         Dismiss  .     p - +0 cloak {MR+}
rCorr  .         Reflect  .     H - +1 pair of gloves
SustAt .         Harm     .     q - +0 pair of boots {run}
MR     +++..                    (no amulet)
Stlth  ..........               v - +3 ring of slaying
                                (no ring)

@: regenerating, quick, extremely resistant to hostile enchantments, extremely
unstealthy
A: retaliatory headbutt, hooves 1, horns 3
a: Berserk, Trog's Hand, Brothers in Arms, Burn Spellbooks, Renounce Religion


You were on level 1 of the Orcish Mines.
You worshipped Trog.
Trog was extremely pleased with you.
You were hungry.

You visited 3 branches of the dungeon, and saw 14 of its levels.
You also visited: Bailey.

You collected 2002 gold pieces.
You spent 198 gold pieces at shops.

Inventory:

Hand Weapons
 a - a +2 executioner's axe of chopping (weapon)
 b - a +0 arbalest
 o - a +2 dire flail of protection
Missiles
 e - 15 tomahawks of returning (quivered)
 E - 81 bolts
Armour
 i - a +2 plate armour of poison resistance (worn)
 k - a troll hide
 p - a +0 cloak of magic resistance (worn)
 q - a +0 pair of boots of running (worn)
 D - a +0 chain mail of cold resistance
 H - a +1 pair of gloves (worn)
Jewellery
 v - a +3 ring of slaying (right hand)
Wands
 s - a wand of confusion (48/48)
 u - a wand of iceblast (8/15)
 F - a wand of polymorph (11/24)
Scrolls
 f - 3 scrolls of remove curse
 h - 3 scrolls of teleportation
 l - a scroll of fear
 n - 2 scrolls of fog
 z - 3 scrolls of magic mapping
Potions
 d - 6 potions of curing
 r - 4 potions of lignification
 w - a potion of cure mutation
 Q - a potion of resistance
Miscellaneous
 G - a phial of floods
Comestibles
 c - 5 bread rations
 m - 7 meat rations


   Skills:
 - Level 10.0 Fighting
 * Level 14.9 Axes
 + Level 4.0 Crossbows
 + Level 11.1 Armour
 + Level 9.9 Dodging
 + Level 6.4 Evocations


You had 11 spell levels left.
You didn't know any spells.

Dungeon Overview and Level Annotations

Branches:
Dungeon (11/15)            Temple (0/1) D:5            Lair (1/8) D:8
    Orc (2/2) D:10            Elf (0/3) Orc:2

Altars:
Ashenzari
Cheibriados
Elyvilon
Kikubaaqudgha
Makhleb
Nemelex Xobeh
Okawaru
Pakellas
Ru
Trog
Xom
Zin

Shops:
Orc:2 (:[*

Annotations:
D:8 exclusion: ice statue


Innate Abilities, Weirdness & Mutations

You reflexively headbutt those who attack you in melee.
You have a pair of large horns on your head.
You have large cloven feet.


Message History

Aim: an ettin, wielding two dire flails (lightly wounded)
You throw a tomahawk of returning.
The tomahawk of returning hits the ettin but does no damage.
The ettin is lightly wounded.
The tomahawk of returning fails to return to your pack!
Your skin crawls.
You feel resistant to hostile enchantments.
You feel slightly more hungry. The ettin hits you with a dire flail!!
The ettin barely misses you.
Your plate armour prevents you from hitting the ettin.
The ettin is lightly wounded.
The ettin hits you with a dire flail!! The ettin closely misses you.
You slice the ettin!!
You headbutt the ettin, but do no damage.
The ettin is heavily wounded.
The ettin hits you with a dire flail! The ettin closely misses you.
The ettin hits you with a dire flail!!
* * * LOW HITPOINT WARNING * * *
The ettin hits you with a dire flail!!
You die...

############ ##
########..#.#.#.#.#
#...#.#.##.............
#....@.......#...#....
##..C#.##.............
##.######........#...
#(# #............. #(.
#.#.....#...... ##
..............).
...............)
.#.#........)
............)


You could see an ettin.

Vanquished Creatures
  2 orc warlords
  2 orc high priests (Orc:2)
  Sonja (D:10)
  7 orc knights
  5 orc sorcerers
  A deep elf mage (Orc:2)
  6 trolls
  A two-headed ogre (D:9)
  Eustachio (D:5)
  A hippogriff (D:10)
  A hungry ghost (D:10)
  2 wargs (Orc:1)
  Edmund (D:4)
  The ghost of KINGKRU the Firebug, an amateur HEFE (D:3)
  34 orc warriors
  5 sky beasts
  A black bear (D:6)
  2 necrophages
  An ice beast (D:8)
  5 phantoms
  13 ogres
  2 centaurs (D:10)
  A big kobold (D:8)
  A crocodile (D:10)
  A big kobold (shapeshifter) (D:10)
  8 giant frogs
  3 scorpions
  A water moccasin skeleton (D:6)
  4 killer bees (D:10)
  4 wights (D:5)
  8 crimson imps
  A giant frog zombie (D:9)
  A centaur zombie (D:8)
  4 hounds
  2 jellies (D:10)
  2 centaur skeletons
  18 orc wizards
  18 orc priests
  An iguana (D:6)
  6 worker ants
  A hound skeleton (D:10)
  A worker ant zombie (D:8)
  A gnoll (Bailey)
  11 adders
  4 shadow imps
  An ooze (D:3)
  5 giant geckos
  65 orcs
  6 giant cockroaches
  17 goblins
  11 hobgoblins
  9 jackals
  3 quokkas
  2 ball pythons
  7 bats
  4 giant newts
  A jackal skeleton (D:4)
  21 kobolds
  A quokka skeleton (D:4)
  A quokka zombie (D:8)
  7 rats
  A fungus (Orc:2)
359 creatures vanquished.

Vanquished Creatures (others)
  Erolcha (Orc:1)
  20 fungi (Orc:2)
  5 toadstools (D:1)
26 creatures vanquished.

Grand Total: 385 creatures vanquished

Notes
Turn   | Place    | Note
--------------------------------------------------------------
     0 | D:1      | Minkie the Minotaur Berserker began the quest for the Orb.
     0 | D:1      | Reached XP level 1. HP: 19/19 MP: 0/0
   176 | D:1      | Reached XP level 2. HP: 12/27 MP: 1/1
   350 | D:1      | Reached skill level 4 in Axes
   677 | D:2      | Reached XP level 3. HP: 30/33 MP: 2/2
   681 | D:2      | Reached ** piety under Trog
   903 | D:2      | Reached XP level 4. HP: 40/40 MP: 3/3
  1088 | D:2      | Found a burning altar of Makhleb.
  1181 | D:3      | Noticed KINGKRU's ghost (amateur HEFE)
  1758 | D:3      | Reached skill level 5 in Axes
  1762 | D:3      | Killed KINGKRU's ghost
  1762 | D:3      | Reached XP level 5. HP: 47/47 MP: 4/4
  1860 | D:3      | Reached *** piety under Trog
  1906 | D:3      | Found an ancient bone altar of Kikubaaqudgha.
  2175 | D:4      | Noticed Edmund
  2181 | D:4      | Killed Edmund
  2181 | D:4      | Reached skill level 5 in Fighting
  2181 | D:4      | Reached skill level 6 in Axes
  2181 | D:4      | Reached XP level 6. HP: 56/56 MP: 5/5
  2347 | D:4      | Reached XP level 7. HP: 47/61 MP: 6/6
  2380 | D:4      | Reached skill level 7 in Axes
  2469 | D:4      | Reached skill level 5 in Armour
  2670 | D:4      | Found a sparkling altar of Nemelex Xobeh.
  2857 | D:5      | Entered Level 5 of the Dungeon
  3065 | D:5      | Noticed Eustachio
  3080 | D:5      | Killed Eustachio
  3080 | D:5      | Reached skill level 8 in Axes
  3080 | D:5      | Reached skill level 5 in Dodging
  3080 | D:5      | Reached XP level 8. HP: 68/70 MP: 7/7
  3111 | D:5      | Found a staircase to the Ecumenical Temple.
  3320 | D:5      | Found a shimmering altar of Xom.
  3358 | D:5      | Found a white marble altar of Elyvilon.
  3522 | D:5      | Reached skill level 9 in Axes
  4093 | D:6      | Reached XP level 9. HP: 74/78 MP: 8/8
  4358 | D:6      | Reached **** piety under Trog
  4529 | D:7      | Found a shattered altar of Ashenzari.
  4557 | D:7      | Reached skill level 10 in Axes
  4557 | D:7      | Reached skill level 1 in Evocations
  4900 | D:7      | Found an iron altar of Okawaru.
  4992 | D:8      | Noticed an ice statue
  5256 | D:8      | Found a staircase to the Lair.
  5284 | D:8      | Found a bloodstained altar of Trog.
  5286 | D:8      | Found a snail-covered altar of Cheibriados.
  5287 | D:8      | Found a glowing silver altar of Zin.
  5293 | D:8      | Found a sacrificial altar of Ru.
  5294 | D:8      | Found an oddly glowing altar of Pakellas.
  5828 | D:9      | Reached skill level 11 in Axes
  5828 | D:9      | Reached XP level 10. HP: 72/87 MP: 9/11
  6448 | D:9      | Reached ***** piety under Trog
  6805 | D:10     | Entered Level 10 of the Dungeon
  7222 | D:10     | Noticed Sonja
  7229 | D:10     | Killed Sonja
  7268 | D:10     | Received a gift from Trog
  7713 | D:10     | Reached skill level 12 in Axes
  7915 | D:10     | Gained mutation: You have large cloven feet. [potion of beneficial mutation]
  7916 | D:10     | Gained mutation: You have a pair of large horns on your head. [potion of beneficial mutation]
  8039 | D:11     | Found a flagged portal.
  8075 | Bailey   | Entered a bailey
  8150 | Bailey   | Noticed an orc knight
  8156 | Bailey   | Killed an orc knight
  8190 | Bailey   | Noticed an orc knight
  8199 | Bailey   | Killed an orc knight
  8240 | Bailey   | Found an iron altar of Okawaru.
  8247 | Bailey   | Got a warped plate armour
  8258 | Bailey   | Identified the +5 plate armour "Dinypp" {*Drain rN+ Dex+2 Stlth+} (You found it in a bailey)
  8498 | D:10     | Found a staircase to the Orcish Mines.
  8695 | D:10     | Reached XP level 11. HP: 91/96 MP: 13/13
  8857 | Lair:1   | Entered Level 1 of the Lair of Beasts
  9039 | Orc:1    | Entered Level 1 of the Orcish Mines
  9183 | Orc:2    | Entered Level 2 of the Orcish Mines
  9183 | Orc:2    | Noticed an orc sorcerer
  9195 | Orc:1    | Killed an orc sorcerer
  9509 | Orc:2    | Noticed an orc knight
  9695 | Orc:2    | Killed an orc knight
  9695 | Orc:2    | Reached skill level 13 in Axes
  9763 | Orc:2    | Noticed an orc knight
  9767 | Orc:2    | Noticed an orc knight
  9794 | Orc:1    | Killed an orc knight
  9923 | Orc:2    | Killed an orc knight
  9923 | Orc:2    | Reached skill level 10 in Fighting
 10038 | Orc:2    | Noticed an orc sorcerer
 10060 | Orc:2    | Noticed a deep elf mage
 10072 | Orc:2    | Killed a deep elf mage
 10072 | Orc:2    | Reached skill level 5 in Evocations
 10075 | Orc:2    | Killed an orc sorcerer
 10075 | Orc:2    | Reached skill level 10 in Armour
 10190 | Orc:2    | Found Lyakom's Book Shop.
 10301 | Orc:2    | Found a staircase to the Elven Halls.
 10321 | Orc:2    | Noticed an orc knight
 10446 | Orc:1    | Killed an orc knight
 10678 | Orc:2    | Found Ethinui's Antique Weapon Emporium.
 10816 | Orc:2    | Reached skill level 1 in Crossbows
 10905 | Orc:2    | Noticed an orc warlord
 10917 | Orc:2    | Killed an orc warlord
 10917 | Orc:2    | Reached skill level 14 in Axes
 10976 | Orc:2    | Noticed an orc sorcerer
 10981 | Orc:2    | Paralysed by an orc sorcerer for 2 turns
 10983 | Orc:2    | Killed an orc sorcerer
 11046 | Orc:2    | Noticed an orc sorcerer
 11051 | Orc:2    | Killed an orc sorcerer
 11051 | Orc:2    | Reached XP level 12. HP: 27/105 MP: 15/15
 11497 | Orc:2    | Found Horuemeo's General Store.
 11499 | Orc:2    | Noticed an orc warlord
 11499 | Orc:2    | Noticed an orc high priest
 12022 | Orc:1    | Killed an orc warlord
 12139 | Orc:2    | Killed an orc high priest
 12282 | Orc:2    | Noticed an orc high priest
 12290 | Orc:2    | Killed an orc high priest
 12447 | Orc:2    | Found Raawunirph's Antique Armour Emporium.
 12455 | Orc:2    | Bought an embroidered cloak for 99 gold pieces
 12455 | Orc:2    | Bought a pair of runed boots for 99 gold pieces
 12470 | Orc:2    | Identified a +0 pair of boots of running (You bought it in a shop on level 2 of the Orcish Mines)
 12610 | Orc:1    | Noticed Erolcha
 12615 | Orc:1    | Killed Erolcha
 12740 | Orc:1    | Received a gift from Trog
 13276 | Orc:1    | Noticed an ettin
 13282 | Orc:1    | Demolished by an ettin

Vault maps used:
D:1:      ldierk_walled_garden
D:2:      lemuel_coloured_pillars_altar, first_bread
D:3:      lemuel_doored_altar
D:4:      nemelex_xobeh_ov_fountains_minmay, uniq_edmund
D:5:      amethyst_overflow_temple_binary, minmay_temple_entry_poolview,
          uniq_eustachio
D:7:      ashenzari_altar_1, nicolae_overflow_hidden_temple
D:8:      lemuel_ice_statue, grunt_temple_overflow_open, lair_0_dummy
D:10:     orc_0_dummy, uniq_sonja
D:11:     enter_bailey_3
Lair:1:   cheibrodos_lair_caveside_slide, zaba_antful_of_joy,
          infiniplex_staircase_pool, serial_bayou_shore_b
Orc:1:    uniq_erolcha
Orc:2:    grunt_orc_gardens, grunt_orc_garden, grunt_orc_garden,
          grunt_orc_garden, grunt_orc_garden
Bailey:   bailey_axe_3, bailey

Action                   |  1- 3 |  4- 6 |  7- 9 | 10-12 || total
-------------------------+-------+-------+-------+-------++-------
Melee: Hand axe          |    76 |   116 |    74 |       ||   266
       Battleaxe         |       |       |   170 |    85 ||   255
       Executioner's axe |       |       |       |   293 ||   293
Throw: Tomahawk          |       |       |       |    22 ||    22
Invok: Trog's Hand       |       |     2 |     4 |    10 ||    16
       Berserk           |       |     2 |     3 |     8 ||    13
       Burn Spellbooks   |       |       |       |     1 ||     1
  Use: Scroll            |       |       |       |    22 ||    22
       Potion            |       |       |       |     2 ||     2
 Stab: Sleeping          |     1 |       |       |       ||     1
  Eat: Chunk             |       |     7 |    13 |    27 ||    47
       Beef jerky        |       |       |     1 |     1 ||     2
       Fruit             |       |       |       |     2 ||     2
       Pizza             |       |       |       |     1 ||     1
       Bread ration      |       |       |       |     1 ||     1
